 Dungeon Crawl Stone Soup version 0.29-a0-356-g7bc237e783 (webtiles) character file.

Game seed: 5248871709176921956

2992 jlumianski the Cutter (level 9, 0/69 HPs)
             Began as a Demonspawn Fighter on Apr 26, 2022.
             Was an Initiate of Yredelemnul.
             Slain by a swamp worm (10 damage)
             ... on level 8 of the Dungeon.
             The game lasted 00:25:46 (8481 turns).

jlumianski the Cutter (Demonspawn Fighter)          Turns: 8481, Time: 00:25:46

Health: 0/69       AC: 16    Str: 17    XL:     9   Next: 54%
Magic:  11/11      EV: 12    Int:  9    God:    Yredelemnul [......]
Gold:   397        SH:  5    Dex: 17    Spells: 4/8 levels left

rFire   . . .      SeeInvis .   F - +3 short sword (vorpal)
rCold   + . .      Faith    .   c - +0 buckler
rNeg    + . .      Spirit   .   G - +3 ring mail {rC+}
rPois   .          Reflect  .   E - +2 hat
rElec   .          Harm     .   p - +0 cloak
rCorr   .          Rampage  .   s - +0 pair of gloves
Will    +....                   v - +0 pair of boots
Stlth   +.........              q - amulet of magic regeneration
HPRegen 0.21/turn               w - ring of willpower
MPRegen 0.52/turn               C - ring of positive energy

@: studying Short Blades, very slow
A: demonic guardian 1, ignite blood 2, sharp scales 1, demonic touch 2, subdued
magic 1
a: Renounce Religion, Recall Undead Harvest


You were on level 8 of the Dungeon.
You worshipped Yredelemnul.
Yredelemnul was noncommittal.
You visited 1 branch of the dungeon, and saw 8 of its levels.

You collected 397 gold pieces.

Inventory:

Hand Weapons
 a - a +0 rapier
 g - a +3 flail of protection
 F - a +3 vorpal short sword (weapon)
 H - a +0 hand crossbow
 J - a +0 trident of venom
 M - a +2 vampiric halberd
Missiles
 i - 289 stones (quivered)
 n - 3 silver boomerangs
 u - 2 throwing nets
 y - 18 poisoned darts
Armour
 b - a +0 scale mail
 c - a +0 buckler (worn)
 m - a +0 chain mail
 p - a +0 cloak (worn)
 s - a +0 pair of gloves (worn)
 v - a +0 pair of boots (worn)
 E - a +2 hat (worn)
 G - a +3 ring mail of cold resistance (worn)
 K - the +0 buckler of Servitude {Str+3}
   (You took it off a gnoll sergeant on level 6 of the Dungeon)

   Str:       It affects your strength (+3).
Magical Staves
 P - a staff of fire
Jewellery
 d - a ring of ice
 q - an amulet of magic regeneration (around neck)
 w - a ring of willpower (left hand)
 x - a ring of see invisible
 C - a ring of positive energy (right hand)
 I - a +6 ring of intelligence
 N - an amulet of guardian spirit
Wands
 t - a wand of polymorph (21)
 L - a wand of flame (25)
Scrolls
 k - 3 scrolls of noise
 l - 7 scrolls of teleportation
 r - 2 scrolls of vulnerability
 O - a scroll of brand weapon
Potions
 e - 3 potions of curing
 f - 6 potions of flight
 h - 6 potions of heal wounds
 j - a potion of magic
 o - a potion of degeneration
 z - a potion of mutation
 A - a potion of resistance
 B - a potion of attraction
 D - a potion of haste
 Q - a potion of ambrosia
 R - a potion of brilliance {unknown}


   Skills:
 + Level 6.1 Fighting
 + Level 7.9 Short Blades
 + Level 0.3 Throwing
 + Level 5.6 Armour
 + Level 3.4 Dodging
 + Level 1.5 Stealth
 + Level 4.4 Shields
 * Level 0.4 Transmutations
 * Level 3.4 Invocations
 * Level 2.2 Evocations


You had 4 spell levels left.
You knew the following spells:

 Your Spells              Type           Power      Damage    Failure   Level
a - Petrify               Tmut/Erth      0%         N/A       100%        4

Your spell library contained the following spells:

 Spells                   Type           Power      Damage    Failure   Level
 Pain                     Necr           0%         1d4       61%         1
 Sublimation of Blood     Necr           0%         N/A       77%         2
 Agony                    Necr           0%         N/A       100%        5
 Excruciating Wounds      Necr           0%         N/A       100%        5
 Irradiate                Conj/Tmut      0%         3d13      100%        5


Dungeon Overview and Level Annotations

Branches:
Dungeon (8/15)             Temple (0/1) D:7
   Lair: D:8-11

Altars:
Elyvilon
Fedhas
Kikubaaqudgha
Makhleb
Okawaru
Qazlal
Sif Muna
Yredelemnul


Innate Abilities, Weirdness & Mutations

A weak demonic guardian rushes to your aid.
Your demonic aura often causes spilled blood to erupt in flames.
You are partially covered in razor-sharp scales. (AC +1, Slay +1)
Your touch may inflict irresistible damage on your foes.
Your spells are a little easier to cast, but a little less powerful.


Message History

A nearby plant withers and dies.
An orc comes into view. It is wielding a +0 club.
Found a potion of attraction.
The orc shouts!
The swamp worm completely misses your orc zombie.
The swamp worm bites the plant!
The plant begins to die.
The orc wizard casts a spell at you. The puff of flame misses you.
Your orc zombie barely misses the swamp worm.
The orc moves out of view.
The swamp worm fires a harpoon shot at you.
The harpoon shot misses you.
The swamp worm bites the plant!!
A nearby plant withers and dies.
Your orc zombie splashes around in the water.
The swamp worm fires a harpoon shot at you.
The harpoon shot hits you!
You are yanked forward by the harpoon shot.
Splash!
You fall into the shallow water.
Moving in this stuff is going to be slow.
A nearby plant withers and dies.
The swamp worm fires a harpoon shot at you.
The harpoon shot hits you!
You are yanked forward by the harpoon shot.
Splash!
You fall into the shallow water.
Moving in this stuff is going to be slow.
Your orc zombie closely misses the swamp worm.
The swamp worm bites you! x2
Your orc zombie hits the swamp worm but does no damage.
You hit the swamp worm.
The swamp worm is moderately wounded.
The swamp worm bites you but does no damage.
The swamp worm bites you!
* * * LOW HITPOINT WARNING * * *
A demonic guardian appears!
The swamp worm attacks as you move away!
The swamp worm bites you!
You die...
Your body rises from the dead as a mindless zombie.

... #.........
≈≈≈####.........
≈≈≈≈o........... #
#≈≈≈≈...........
#≈###≈o≈.........>
≈≈≈≈#≈≈≈.)........
!≈≈5≈ZZ........#
≈≈≈#ww≈.........
###≈@≈......#..
###≈≈≈≈○..(..## .#
≈≈≈≈≈≈........###.## .
≈≈≈≈≈..#......#.#..#..
####..##..#...........
##..#..#...........
#....#............
##..<##)......#..#
###.#........# .


You could see 2 swamp worms, an orc wizard, an orc, a friendly white imp
(summoned) and 2 friendly orc zombies.

Vanquished Creatures
  A cyclops (D:6)
  Grinder (D:4)
  Edmund (D:4)
  2 black bears
  2 centaurs
  A phantom (D:5)
  3 kobold brigands
  2 bullfrogs (D:6)
  4 gnoll sergeants
  A scorpion (D:5)
  A bullfrog zombie (D:6)
  6 hounds
  5 jellies
  An orc priest (D:5)
  A gnoll shaman (D:6)
  7 iguanas
  An orc wizard (D:5)
  A hound zombie (D:6)
  2 spectral jellies (D:7)
  11 gnolls
  8 adders
  A shadow imp (D:5)
  A white imp (D:5)
  An ufetubus (D:6)
  2 iguana zombies
  2 worms
  3 dart slugs
  6 orcs
  5 bats
  4 endoplasms
  2 giant cockroaches (D:1)
  7 goblins
  4 hobgoblins
  8 jackals (D:1)
  4 quokkas
  6 ball pythons
  9 kobolds
  A kobold zombie (D:6)
  An orc zombie (D:6)
  4 rats
  A spectral ufetubus (D:6)
134 creatures vanquished.

Vanquished Creatures (collateral kills)
  The ghost of zishaf the Digger, a novice OpEE of Elyvilon (D:6)
  A gnoll (D:6)
  An orc (D:6)
  4 kobolds
7 creatures vanquished.

Vanquished Creatures (others)
  A cyclops zombie (D:6)
  A centaur zombie (D:6)
  A scorpion zombie (D:5)
  A hound zombie (D:6)
  A spectral jelly (D:6)
  An adder zombie (D:6)
  2 gnoll zombies (D:6)
  3 orc zombies (D:6)
  10 plants
21 creatures vanquished.

Grand Total: 162 creatures vanquished

Notes
Turn   | Place    | Note
-------+----------+-------------------------------------------
     0 | D:1      | jlumianski the Demonspawn Fighter began the quest for the
                  | Orb.
     0 | D:1      | Reached XP level 1. HP: 18/18 MP: 1/1
   235 | D:1      | Gained mutation: Your demonic aura sometimes causes spilled
                  | blood to erupt in flames. [demonic ancestry]
   235 | D:1      | Reached XP level 2. HP: 12/24 MP: 2/2
   668 | D:1      | Reached skill level 2 in Short Blades
   857 | D:1      | Reached XP level 3. HP: 26/29 MP: 3/3
  1692 | D:2      | Reached skill level 3 in Short Blades
  1692 | D:2      | Gained mutation: Your demonic aura often causes spilled
                  | blood to erupt in flames. [demonic ancestry]
  1692 | D:2      | Reached XP level 4. HP: 7/35 MP: 4/4
  2707 | D:2      | Gained mutation: Your spells are a little easier to cast,
                  | but a little less powerful. [potion of mutation]
  2824 | D:3      | Found a faded altar of an unknown god.
  3133 | D:3      | Gained mutation: You are partially covered in razor-sharp
                  | scales. (AC +1, Slay +1) [demonic ancestry]
  3133 | D:3      | Reached XP level 5. HP: 27/41 MP: 5/5
  3426 | D:5      | Entered Level 5 of the Dungeon
  3919 | D:4      | Reached skill level 1 in Dodging
  3927 | D:5      | Noticed a centaur
  3937 | D:5      | Killed a centaur
  3938 | D:5      | Reached XP level 6. HP: 33/48 MP: 6/6
  4113 | D:4      | Found a burning altar of Makhleb.
  4233 | D:4      | Reached skill level 4 in Short Blades
  4254 | D:4      | Noticed Edmund
  4255 | D:4      | Noticed Grinder
  4351 | D:4      | Killed Edmund
  4417 | D:4      | Paralysed by Grinder for 6 turns
  4443 | D:4      | Paralysed by Grinder for 6 turns
  4455 | D:4      | Killed Grinder
  4456 | D:4      | Gained mutation: Your touch may inflict minor irresistible
                  | damage on your foes. [demonic ancestry]
  4456 | D:4      | Reached XP level 7. HP: 45/55 MP: 7/7
  4839 | D:4      | Found a blossoming altar of Fedhas.
  4839 | D:4      | Found a basalt altar of Yredelemnul.
  4846 | D:4      | Found an ancient bone altar of Kikubaaqudgha.
  4857 | D:4      | Found a faded altar of an unknown god.
  4859 | D:4      | Found a faded altar of an unknown god.
  4875 | D:4      | Became a worshipper of Yredelemnul the Dark
  5186 | D:5      | Reached skill level 5 in Short Blades
  5214 | D:5      | Reached skill level 5 in Fighting
  5444 | D:5      | Gained mutation: Your touch may inflict irresistible damage
                  | on your foes. [demonic ancestry]
  5444 | D:5      | Reached XP level 8. HP: 59/62 MP: 8/8
  5446 | D:5      | Reached * piety under Yredelemnul
  5591 | D:5      | Found an iron altar of Okawaru.
  5821 | D:5      | Found a stormy altar of Qazlal.
  5852 | D:5      | Found a shimmering blue altar of Sif Muna.
  5984 | D:6      | Reached skill level 6 in Short Blades
  6036 | D:6      | Identified the +0 buckler of Servitude {Str+3}
  6210 | D:6      | Noticed a cyclops
  6221 | D:6      | Killed a cyclops
  6221 | D:6      | Reached ** piety under Yredelemnul
  6222 | D:6      | Reached skill level 5 in Armour
  6257 | D:6      | Reached skill level 7 in Short Blades
  6558 | D:6      | Noticed zishaf's ghost (novice OpEE)
  6574 | D:6      | Found a transporter.
  6578 | D:6      | Found a transporter.
  6584 | D:6      | Learned a level 4 spell: Petrify
  6913 | D:6      | Reached skill level 1 in Invocations
  6922 | D:6      | Gained mutation: A weak demonic guardian rushes to your
                  | aid. [demonic ancestry]
  6922 | D:6      | Reached XP level 9. HP: 48/69 MP: 9/9
  7391 | D:6      | Reached skill level 1 in Stealth
  7391 | D:6      | Reached skill level 1 in Evocations
  7432 | D:6      | Killed zishaf's ghost
  7880 | D:7      | Found a staircase to the Ecumenical Temple.
  8481 | D:8      | Slain by a swamp worm

Illustrated notes

Levels and vault maps discovered:
D:1:      evilmike_arrival_hilbert_curve, layout_loops_ring
D:2:      layout_loops_cross
D:3:      layout_basic, ebering_ecumenical_altar_abandoned
D:4:      layout_gridville, mainiacjoe_overflow_boulevard,
          mainiacjoe_overflow_brackets, chequers_temple_overflow_minitemple,
          hangedman_decor_slide_cut, uniq_grinder, uniq_edmund
D:5:      layout_loops_cross, kennysheep_little_box, kennysheep_mini_moat,
          okawaru_ov_weapons_minmay
D:6:      cheibrodos_barr_body, layout_basic, gammafunk_ghost_gnarly_gnolls,
          kennysheep_small_spiral, hangedman_abyss_or_decor_lesser_grid
D:7:      layout_loops_ring, temple_pool_b
D:8:      layout_cave_pools, lair_entry_dummy, worms_lemuel

Skill      XL: |  1  2  3  4  5  6  7  8  9 |
---------------+----------------------------+-----
Shields        | 3 4 |  4.4
Short Blades   | 2 3 4 5 7 |  7.9
Armour         | 3 4 5 |  5.6
Dodging        | 1 2 3 |  3.4
Fighting       | 4 5 6 |  6.1
Invocations    | 1 3 |  3.4
Stealth        | 1 |  1.5
Evocations     | 2 |  2.2
Throwing       | |  0.3
Transmutations | |  0.4

Action                   |  1- 3 |  4- 6 |  7- 9 || total
-------------------------+-------+-------+-------++-------
Melee: Rapier            |   141 |   119 |       ||   260
       Short sword       |       |    50 |   220 ||   270
Throw: Stone             |       |     3 |     4 ||     7
Invok: Recall Undead Har |       |       |     2 ||     2
  Use: Potion            |     1 |     6 |     2 ||     9
       Scroll            |       |     8 |     6 ||    14
 Stab: Distracted        |       |       |     1 ||     1
       Sleeping          |       |       |     1 ||     1
Armor: Scale mail        |    98 |    80 |       ||   178
       Ring mail         |       |    11 |    75 ||    86
Dodge: Dodged            |    74 |    70 |    91 ||   235
Block: Buckler           |    26 |    36 |    45 ||   107

Table legend: (Time is in decaauts)
 A = Elapsed time spent in this place.
 B = Non-inter-level travel time spent in this place.
 C = Inter-level travel time spent in this place.
 D = Time resting spent in this place.
 E = Time spent auto-exploring this place.
 F = Levels seen in this place.
 G = Mean time per level.
                   A        B        C        D        E       F      G
               +--------+--------+--------+--------+--------+-----+--------+
         Total |   8477 |   8381 |     96 |    838 |   5415 |   8 | 1059.6 |
       Dungeon |   8477 |   8381 |     96 |    838 |   5415 |   8 | 1059.6 |
               +--------+--------+--------+--------+--------+-----+--------+

Top non-repeatable levels by time:
     D:6: 1728 daAuts
     D:4: 1496 daAuts
     D:1: 1490 daAuts
     D:2: 1207 daAuts
     D:5: 1099 daAuts
     D:3: 711 daAuts
     D:7: 707 daAuts
     D:8: 37 daAuts
